 Dungeon Crawl Stone Soup version 0.25-a0-378-gd2ca0b7745 (console) character file.

Game seed: 3294231407308445340, levelgen mode: deterministic

2864 Kagalorn the Covert (level 9, -4/73 HPs)
             Began as a Naga Arcane Marksman on Jan 7, 2020.
             Slain by a two-headed ogre
             ... wielding a +0 giant club
              (13 damage)
             ... on level 7 of the Dungeon.
             The game lasted 00:34:40 (11226 turns).

Kagalorn the Covert (Naga Arcane Marksman)         Turns: 11226, Time: 00:34:40

Health: -4/73      AC: 11    Str: 22    XL:     9   Next: 75%
Magic:  10/10      EV:  6    Int: 13    God:
Gold:   534        SH:  0    Dex: 11    Spells: 9/10 levels left

rFire    . . .     SeeInvis +   a - +1 hand crossbow
rCold    + . .     Gourm    .   (no shield)
rNeg     . . .     Faith    .   u - +2 chain mail {rF+}
rPois    +         Spirit   .   s - +0 helmet
rElec    .         Reflect  .   m - +0 cloak
rCorr    .         Harm     .   (no gloves)
MR       +....                  (no barding)
Stlth    +.........             i - amulet of the acrobat
HPRegen  0.22/turn              q - ring of ice
MPRegen  0.12/turn              y - +1 ring of slaying

@: mighty, very slow
A: large, see invisible, deformed body, poison resistance, slowness 2, slow
metabolism 1, spit poison 1, AC +3
a: Spit Poison


You were on level 7 of the Dungeon.
You were hungry.

You visited 1 branch of the dungeon, and saw 7 of its levels.
You also visited: Sewer.

You collected 534 gold pieces.

Inventory:

Hand Weapons
 a - a +1 hand crossbow (weapon)
 b - the +8 war axe "Kuenal Piwe" {freeze, Int+4}
   (You took it off an orc on level 7 of the Dungeon)

   It has been specially enchanted to freeze those struck by it, causing extra
   injury to most foes and up to half again as much damage against particularly
   susceptible opponents.
   It can also slow down cold-blooded creatures.
   It affects your intelligence (+4).
 B - a +2 whip of electrocution
 H - a +0 shortbow
Missiles
 c - 23 poisoned darts
 d - 48 bolts (quivered)
 g - 52 arrows
 E - 2 throwing nets
Armour
 l - a +3 leather armour
 m - a +0 cloak (worn)
 s - a +0 helmet (worn)
 u - a +2 chain mail of fire resistance (worn)
Jewellery
 i - an amulet of the acrobat (around neck)
 q - a ring of ice (left hand)
 y - a +1 ring of slaying (right hand)
Wands
 j - a wand of random effects (19)
 v - a wand of flame (41)
 x - a wand of disintegration (10)
 I - a wand of iceblast (6)
Scrolls
 n - a scroll of blinking {unknown}
 o - a scroll of immolation
 p - 2 scrolls of magic mapping {unknown}
 t - 2 scrolls of enchant weapon
 w - a scroll of fog
 C - a scroll of amnesia
 G - 6 scrolls of enchant armour
Potions
 e - 2 potions of ambrosia
 h - 10 potions of curing
 k - 2 potions of might
 r - a potion of mutation {unknown}
 z - 5 potions of brilliance
 D - 4 potions of flight
 F - a potion of cancellation
 J - 3 potions of agility
 K - a potion of resistance
Comestibles
 f - 9 rations


   Skills:
 * Level 2.1 Fighting
 - Level 10.0 Crossbows
 * Level 1.9 Armour
 * Level 2.0 Dodging
 - Level 10.0 Stealth
 - Level 1.0 Spellcasting
 - Level 3.0 Hexes


You had 9 spell levels left.
You knew the following spells:

 Your Spells              Type           Power        Failure   Level  Hunger
a - Corona                Hex            #......      58%         1    ##.....

Your spell library contained the following spells:

 Spells                   Type           Power        Failure   Level  Hunger
 Slow                     Hex            #.......     75%         2    ###....
 Inner Flame              Hex/Fire       #.......     99%         3    ####...
 Portal Projectile        Hex/Tloc       #.....       99%         3    ####...
 Cause Fear               Hex            #.........   100%        4    #####..
 Leda's Liquefaction      Hex/Erth       #.........   100%        4    #####..


Dungeon Overview and Level Annotations

Branches:
Dungeon (7/15)             Temple (0/1) D:7           Sewer (visited)

Altars:
Cheibriados
Elyvilon
Gozag
Hepliaklqana
Makhleb
Qazlal
Ru
Sif Muna
Uskayaw
Vehumet


Innate Abilities, Weirdness & Mutations

You cannot wear boots.
Your serpentine skin is tough. (AC +3)
You have supernaturally acute eyesight. (SInv)
Armour fits poorly on your strangely shaped body.
Your system is resistant to poisons. (rPois)
You cover ground very slowly.
You have a slow metabolism.
You can spit poison.


Message History

Firing (i - inventory. (/) - cycle)
d - 51 bolts (quivered)
Press: ? - help, Shift-Dir - straight line, f/p - two-headed ogre
Aim: a two-headed ogre, wielding two +0 giant clubs (lightly wounded)
You shoot a bolt. The bolt hits the two-headed ogre!!
The two-headed ogre is heavily wounded.
The two-headed ogre closely misses you.
The two-headed ogre hits you with a +0 giant club!
* * * LOW HITPOINT WARNING * * *
Firing (i - inventory. (/) - cycle)
d - 50 bolts (quivered)
Press: ? - help, Shift-Dir - straight line, f/p - two-headed ogre
Aim: a two-headed ogre, wielding two +0 giant clubs (heavily wounded)
You shoot a bolt. The bolt hits the two-headed ogre!
The two-headed ogre is severely wounded.
Firing (i - inventory. (/) - cycle)
d - 49 bolts (quivered)
Press: ? - help, Shift-Dir - straight line, f/p - two-headed ogre
Aim: a two-headed ogre, wielding two +0 giant clubs (severely wounded)
You shoot a bolt. The bolt hits the two-headed ogre.
The two-headed ogre is severely wounded.
The two-headed ogre hits you with a +0 giant club!
You die...

# ##.###.#
#....#.#####..
# #..###.#
#.............
# #.##...#
#..(...####..#
# #.#..###
#.(. # ##<..##
#.(...##
#.##.. #
#...##
##.(#####
..##.. #
#...#[# #.O#
..###.. #
#.###.# ##@#
..# #.. # #.
#.# ##..# #.#
#.. # # #.#
#..## #. #.. #
##.###.## #..
# #..#...#
##>. ##
#.##.### ###
###..# .#
#.#..###....
##...#. .##
#........#
#..#... ..##
##.......##
##.##.##


You could see a two-headed ogre.

Vanquished Creatures
  Pikel (D:6)
  A hippogriff (D:7)
  Duvessa (D:6)
  2 slaves (D:6)
  3 sky beasts
  An ice beast (D:5)
  3 ogres
  A phantom (D:6)
  2 centaurs
  3 big kobolds
  A bullfrog (D:6)
  A scorpion (D:5)
  Dowan (D:6)
  A howler monkey (D:5)
  2 crimson imps
  A bullfrog zombie (D:7)
  A jelly (D:7)
  A bullfrog skeleton (D:7)
  An orc priest (D:7)
  A centaur skeleton (D:5)
  A gnoll shaman (D:4)
  Natasha (thrice) (D:3)
  2 orc wizards
  2 worker ants
  Terence (D:2)
  9 adders
  11 gnolls
  6 river rats (Sewer)
  2 shadow imps (D:6)
  An ooze (Sewer)
  An adder zombie (D:7)
  4 worms
  6 leopard geckos
  17 orcs
  7 bats
  6 giant cockroaches
  10 goblins
  6 hobgoblins
  2 quokkas
  8 ball pythons
  5 frilled lizards
  34 kobolds
  27 rats
200 creatures vanquished.

Vanquished Creatures (collateral kills)
  A kobold (D:7)
1 creature vanquished.

Vanquished Creatures (others)
  A river rat (D:6)
1 creature vanquished.

Grand Total: 202 creatures vanquished

Notes
Turn   | Place    | Note
-------+----------+-------------------------------------------
     0 | D:1      | Kagalorn the Naga Arcane Marksman began the quest for the
                  | Orb.
     0 | D:1      | Reached XP level 1. HP: 18/18 MP: 2/2
    37 | D:1      | Reached skill level 1 in Stealth
   370 | D:1      | Reached XP level 2. HP: 8/25 MP: 3/3
   839 | D:1      | Reached XP level 3. HP: 28/31 MP: 4/4
  1392 | D:2      | Reached skill level 5 in Stealth
  1452 | D:2      | Found a radiant altar of Vehumet.
  1710 | D:2      | Found a hazy altar of Hepliaklqana.
  1860 | D:2      | Noticed Terence
  1915 | D:2      | Reached XP level 4. HP: 26/38 MP: 5/5
  2137 | D:2      | Found a snail-covered altar of Cheibriados.
  2442 | D:3      | Noticed Natasha
  2570 | D:3      | Killed Natasha
  2570 | D:3      | Reached XP level 5. HP: 27/44 MP: 6/6
  2868 | D:3      | Noticed Natasha
  2875 | D:3      | Killed Natasha
  3320 | D:3      | Found a faded altar of an unknown god.
  3363 | D:3      | Noticed Natasha
  3373 | D:3      | Killed Natasha
  4217 | D:4      | Found a shimmering blue altar of Sif Muna.
  4217 | D:4      | Found a sacrificial altar of Ru.
  4472 | D:5      | Entered Level 5 of the Dungeon
  4511 | D:5      | Reached XP level 6. HP: 43/51 MP: 7/7
  4665 | D:2      | Killed Terence
  5517 | D:5      | Reached skill level 10 in Stealth
  5539 | D:5      | Reached XP level 7. HP: 55/57 MP: 8/8
  5917 | D:5      | Found a hide-covered altar of Uskayaw.
  6110 | D:5      | Reached skill level 5 in Crossbows
  6499 | D:6      | Reached XP level 8. HP: 57/64 MP: 9/9
  6562 | D:6      | Noticed Duvessa
  6567 | D:6      | Noticed Dowan
  6569 | D:6      | Found a glowing drain.
  6580 | Sewer    | Entered a sewer
  7670 | D:6      | Found a stormy altar of Qazlal.
  7945 | D:6      | Killed Dowan
  8025 | D:6      | Found a white marble altar of Elyvilon.
  8049 | D:6      | Found an opulent altar of Gozag.
  8049 | D:6      | Found a burning altar of Makhleb.
  8851 | D:7      | Noticed a hippogriff
  8864 | D:7      | Noticed Pikel
  9229 | D:6      | HP: 2/64 [Pikel/+2 whip of electrocution (12)]
  9585 | D:6      | Killed Duvessa
  9585 | D:6      | Reached XP level 9. HP: 21/70 MP: 10/10
  9870 | D:6      | Killed Pikel
 10166 | D:7      | HP: 3/70 [kobold/+0 spear (2)]
 10174 | D:7      | Found a staircase to the Ecumenical Temple.
 10276 | D:7      | Identified the +8 war axe "Kuenal Piwe" {freeze, Int+4}
 10529 | D:7      | Reached skill level 10 in Crossbows
 10541 | D:7      | Reached skill level 1 in Armour
 10859 | D:7      | Noticed a two-headed ogre
 11226 | D:7      | Slain by a two-headed ogre

Levels and vault maps discovered:
D:1:      lemuel_arrival_tunnels, layout_loops_ring
D:2:      layout_basic, fiery_altar_vehumet, lemuel_coloured_pillars_altar,
          minmay_hexomino_r4, uniq_terence
D:3:      layout_rooms, first_ration, chequers_ecumenical_altar_island,
          due_unseen_surprise, uniq_natasha
D:4:      layout_cave_pods, gammafunk_temple_overflow_elements,
          minmay_misc_feat_plants
D:5:      layout_cave_pods, kennysheep_mini_moat
D:6:      layout_loops_corners, kennysheep_little_box, minitemple,
          portal_sewer_entry_a, uniq_duvessa
D:7:      layout_rooms, minmay_temple_entry_enclosed_plants, uniq_pikel

Skill      XL: |  1  2  3  4  5  6  7  8  9 |
---------------+----------------------------+-----
Stealth        | 2 4 5 7 9 10 | 10.0
Crossbows      | 3 5 8 10 | 10.0
Armour         | 1 |  1.9
Fighting       | 2 |  2.1
Dodging        | 2 |  2.0
Spellcasting   | |  1.0
Hexes          | |  3.0

Action                   |  1- 3 |  4- 6 |  7- 9 || total
-------------------------+-------+-------+-------++-------
Melee: Short sword       |    65 |   124 |   255 ||   444
       Unarmed           |     1 |       |       ||     1
       War axe           |       |       |    44 ||    44
       Whip              |       |       |    29 ||    29
 Fire: Hand crossbow     |     2 |    37 |   124 ||   163
Throw: Dart              |     1 |       |     2 ||     3
 Abil: Spit Poison       |    46 |    68 |    64 ||   178
  Use: Scroll            |       |    12 |    15 ||    27
       Potion            |       |     1 |     6 ||     7
 Stab: Sleeping          |       |     1 |       ||     1
  Eat: Chunk             |     4 |    14 |     4 ||    22
       Ration            |       |       |     4 ||     4
Armor: Robe              |     1 |       |       ||     1
       Leather armour    |    17 |    77 |    11 ||   105
       Chain mail        |       |       |   418 ||   418
Dodge: Dodged            |    43 |   111 |   232 ||   386

Table legend:
 A = Non-vault XP
 B = Vault XP
 C = Vault XP percentage of total XP
 D = Non-vault monster count
 E = Vault monster count
 F = Vault count percentage of total count
                 A         B        C        D         E       F
            +---------+---------+-------+---------+---------+-------
      Total |    2938 |    1154 |  28.2 |     138 |      61 |  30.7
            +---------+---------+-------+---------+---------+-------
        D:1 |      40 |       0 |   0.0 |      23 |       0 |   0.0
        D:2 |      89 |      40 |  31.0 |      27 |       6 |  18.2
        D:3 |     114 |      36 |  24.0 |      13 |       1 |   7.1
        D:4 |     126 |       0 |   0.0 |      11 |       0 |   0.0
        D:5 |     692 |       0 |   0.0 |      17 |       0 |   0.0
        D:6 |     852 |     833 |  49.4 |      19 |       6 |  24.0
        D:7 |    1025 |       0 |   0.0 |      28 |       0 |   0.0
      Sewer |       0 |     245 | 100.0 |       0 |      48 | 100.0
            +---------+---------+-------+---------+---------+-------
